 Dungeon Crawl Stone Soup version 0.30.1-11-g7821555f0a (webtiles) character file.

Game seed: 4216688807068263510

28 Psyclone the Conjurer (level 2, 15/15 HPs)
             Began as a Deep Elf Conjurer on Nov 7, 2023.
             Quit the game on level 1 of the Dungeon.
             The game lasted 00:01:35 (1093 turns).

Psyclone the Conjurer (Deep Elf Conjurer)           Turns: 1093, Time: 00:01:36

Health: 15/15      AC:  3    Str:  4    XL:     2   Next: 96%
Magic:  8/8        EV: 12    Int: 22    God:
Gold:   22         SH:  0    Dex: 13    Spells: 5/8 levels left

rFire   . . .        (no weapon)
rCold   . . .        (no shield)
rNeg    . . .        a - +0 robe
rPois   .            (no helmet)
rElec   .            (no cloak)
rCorr   .            (no gloves)
SInv    .            j - +0 pair of boots
Will    .....        (no amulet)
Stlth   ++           (no ring)
HPRegen 0.22/turn    (no ring)
MPRegen 0.11/turn

%: no passive effects
@: weak-willed, attractive, flying
A: no striking features
a: no special abilities


You were on level 1 of the Dungeon.
You visited 1 branch of the dungeon, and saw 1 of its levels.

You collected 22 gold pieces.

Inventory:

Armour
 a - a +0 robe (worn)
 j - a +0 pair of boots (worn)
Jewellery
 d - a ring of fire
 h - a ring of fire
Scrolls
 e - a scroll of identify {@r1}
 f - a scroll of immolation
 l - a scroll of fog
Potions
 b - a potion of magic
 k - a potion of curing


   Skills:
 - Level 2.4 Dodging
 - Level 2.4 Stealth
 + Level 3.6 Spellcasting
 * Level 5.1 Conjurations


You had 5 spell levels left.
You knew the following spells:

 Your Spells              Type           Power      Damage    Failure   Level
a - Magic Dart            Conj           100%       1d8       1%          1
b - Searing Ray           Conj           52%        2d6       1%          2

Your spell library contained the following spells:

 Spells                   Type           Power      Damage    Failure   Level
 Dazzling Flash           Conj/Hex       30%        N/A       12%         3
 Fulminant Prism          Conj/Hex       7%         3d6       36%         4
 Iskenderun's Mystic Bla  Conj/Tloc      15%        2d5       36%         4


Dungeon Overview and Level Annotations

Branches:
Dungeon (1/15) Zot: 4905

Altars:


Message History

You kill the endoplasm!
You now have 6/8 mp.
There is a stone staircase leading down here.
A kobold comes into view. It is wielding a +0 dagger.
MP restored: 8
Casting: Magic Dart (safe; 1% risk of failure)
Confirm with . or Enter, or press ? or * to list all spells.
Aiming: Magic Dart (safe; 1% risk of failure)
Press: ? - help, Shift-Dir - straight line, f - kobold
Aim: a kobold, wielding a +0 dagger (asleep, 100% to hit)
The magic dart hits the kobold!
You kill the kobold!
You now have 7/8 mp.
Casting: Magic Dart (safe; 1% risk of failure)
Confirm with . or Enter, or press ? or * to list all spells.
You can't see any susceptible monsters within range! (Use Z to cast anyway.) Unknown command.
l - 2 scrolls labelled JESUPLATSO (gained 1)
There is a stone staircase leading down here.
Done exploring.
MP restored: 8 Done exploring.
As you read the scroll labelled YGOORISEUN, it crumbles to dust.
It is a scroll of identify.
f - a scroll of immolation
As you read the scroll labelled BASYARUUKEC, it crumbles to dust.
Magic quickly surges around you.
It was a scroll of vulnerability.
As you read the scroll labelled JESUPLATSO, it crumbles to dust.
The scroll dissolves into smoke.
It was a scroll of fog.
As you read the scroll labelled HIN VUWNIPNAST, it crumbles to dust.
You feel momentarily disoriented.
It was a scroll of magic mapping.
It was a potion of attraction.
You feel attractive to monsters.
It was a potion of flight.
You feel very buoyant.
You fly up into the air.
It was a potion of curing.
You feel better.
Unknown command.
Unknown command.
Are you sure you want to abandon this character and quit the game? (Confirm with "yes".)

....##.........###............#
....##.........#......####+####
....##........##.###....##.#
....##.>......##.# #....##.#
....##.......)##.# #....##.#
....####.#######÷####.####.#
..)............§§§...>####'####
..........######§###..........#
..........######@# #..........###
..............§§§# #.............
..........#################.#####
##..........................#
##..........................##
...~~~~~~~~≈~~~~~~~~~≈~~~~...#
...~≈≈≈≈~≈≈≈≈≈≈≈≈≈≈≈≈≈≈≈≈~...##
...~≈≈≈≈≈≈≈≈≈≈≈≈≈≈≈≈≈≈≈≈≈~....#
...~≈≈#'#+#≈≈≈≈≈≈≈#'#+#≈≈~....#


There were no monsters in sight!

Vanquished Creatures
  A dart slug (D:1)
  3 endoplasms (D:1)
  2 giant cockroaches (D:1)
  2 goblins (D:1)
  4 jackals (D:1)
  3 kobolds (D:1)
  3 quokkas (D:1)
  2 frilled lizards (D:1)
  A rat (D:1)
21 creatures vanquished.

Notes
Turn   | Place    | Note
-------+----------+-------------------------------------------
     0 | D:1      | Psyclone the Deep Elf Conjurer began the quest for the Orb.
     0 | D:1      | Reached XP level 1. HP: 10/10 MP: 6/6
   245 | D:1      | Reached XP level 2. HP: 15/15 MP: 5/8
   361 | D:1      | Reached skill level 5 in Conjurations
   476 | D:1      | Learned a level 2 spell: Searing Ray
  1093 | D:1      | Quit the game

Illustrated notes

Levels and vault maps discovered:
D:1:      dpeg_arrival_castle, layout_basic, corner_web_ring,
          hangedman_decor_growths

Skill      XL: |  1  2 |
---------------+-------+-----
Conjurations   | 5 |  5.1
Dodging        | |  2.4
Stealth        | |  2.4
Spellcasting   | |  3.6

Action                     || total
---------------------------++-------
   Cast: Magic Dart        ||    43
    Use: Scroll            ||     4
         Potion            ||     3
  Dodge: Dodged            ||     1
